AoeStats
← E-d-d-i-e91G

QS Arena

503355207Analyzed
2v2 RM · 1mo ago on Aug 31, 2026· 51m 21s· 4 players
Game mode
Random Map
Map size
Medium (4 player)
Population
200
Speed
Normal
Resources
Standard
Victory
Conquest
Starting age
Dark Age
Ending age
Imperial Age
RankedLock teamsTeams togetherTeam positionsShared explorationLock speedFull tech treeHidden civsTurbo modeCheats
Victory
Defeat
🇧🇪 Mongols · Belgium
777
+29
🇹🇷 Turks · Türkiye
776
+13
🇦🇺 Huns · Australia
704
-27
🇦🇺 Bulgarians · Australia
704
-27
Marzoğlu
1:00 Loom
13:18 Feudal Age
14:35 Feudal Age
16:28 Wheelbarrow
16:45 Horse Collar
20:19 Castle Age
18:26 Double-Bit Axe
20:03 Stone Mining
20:12 Gold Mining
21:07 Bloodlines
21:06 Scale Barding Armor
21:12 Forging
20:53 Fletching
21:03 Padded Archer Armor
22:25 Husbandry
24:35 Bow Saw
28:59 Hand Cart
31:47 Imperial Age
29:03 Town Watch
29:35 Heavy Plow
31:00 Leather Archer Armor
30:40 Bodkin Arrow
31:06 Chain Barding Armor
31:25 Sanctity
31:24 Murder Holes
31:51 Ballistics
31:42 Fortified Wall
33:45 Artillery
34:05 Conscription
35:53 Ring Archer Armor
35:59 Plate Barding Armor
36:00 Iron Casting
35:54 Elite Janissary
39:14 Gold Shaft Mining
40:52 Two-Man Saw
43:19 Blast Furnace
48:02 Spies/Treason
Zwoele_Sjmaan
1:47 Loom
9:14 Feudal Age
10:24 Double-Bit Axe
10:34 Gold Mining
14:58 Castle Age
13:48 Horse Collar
15:51 Bow Saw
17:54 Wheelbarrow
18:05 Gold Shaft Mining
18:36 Heavy Plow
20:20 Hand Cart
20:15 Stone Mining
20:56 Hand Cart
21:52 Stone Shaft Mining
23:04 Padded Archer Armor
23:14 Forging
25:51 Scale Barding Armor
26:56 Iron Casting
31:22 Chain Barding Armor
30:55 Fletching
31:20 Leather Archer Armor
31:22 Bloodlines
31:13 Husbandry
32:21 Thumb Ring
34:49 Imperial Age
33:04 Nomads
33:20 Bodkin Arrow
33:28 Scale Mail Armor
33:53 Ballistics
33:44 Masonry
33:47 Fortified Wall
33:32 Murder Holes
35:36 Bracer
35:09 Elite Mangudai
36:11 Conscription
35:14 Capped Ram
37:04 Chemistry
36:11 Siege Engineers
37:14 Drill
37:30 Hoardings
36:21 Siege Ram
39:08 Parthian Tactics
39:04 Chain Mail Armor
E-d-d-i-e91G
18:22 Feudal Age
17:16 Loom
19:46 Wheelbarrow
19:36 Town Watch
20:17 Gold Mining
20:15 Horse Collar
20:30 Double-Bit Axe
25:53 Castle Age
24:27 Arson
24:06 Man-at-Arms
26:51 Bow Saw
26:55 Heavy Plow
27:31 Fletching
27:42 Padded Archer Armor
28:00 Squires
27:22 Long Swordsman
29:14 Hand Cart
29:40 Ballistics
29:42 Leather Archer Armor
29:09 Elite Skirmisher
32:09 Bodkin Arrow
32:54 Bloodlines
33:11 Thumb Ring
39:11 Gold Shaft Mining
41:39 Masonry
44:05 Scale Barding Armor
44:13 Forging
IAMASTROMAN9714
10:14 Feudal Age
16:28 Wheelbarrow
26:05 Castle Age
28:48 Pikeman
31:22 Squires
32:48 Husbandry
32:25 Elite Skirmisher
37:19 Forging
37:16 Scale Barding Armor
37:16 Caravan
37:47 Coinage
41:18 Bloodlines
40:30 Light Cavalry
41:59 Chain Barding Armor
42:16 Iron Casting
41:35 Fletching
42:07 Double-Bit Axe
42:17 Gold Mining
Connection lost

Rejoining the realm…

Still unreachable

The connection could not be restored.

Session expired

The server has moved on; the page needs a fresh start.